 Dungeon Crawl Stone Soup version 0.32-a0-433-g08bcfe7efd (webtiles) character file.

Game seed: 1535026606967441403

766 GetLost the Shooter (level 7, -4/52 HPs)
             Began as a Coglin Hexslinger on Feb 22, 2024.
             Slain by an orc warrior
             ... wielding a +0 short sword
              (7 damage)
             ... on level 6 of the Dungeon.
             The game lasted 00:05:10 (4429 turns).

GetLost the Shooter (Coglin Hexslinger)             Turns: 4429, Time: 00:05:11

Health: -4/52      AC:  5    Str: 14    XL:     7   Next: 82%
Magic:  7/8        EV: 12    Int: 12    God:
Gold:   245        SH:  5    Dex: 19    Spells: 6/8 levels left

rFire   . . .        a - +1 sling {Esteban}
rCold   . . .        p - +0 sling {Astrid}
rNeg    + . .        x - +0 leather armour
rPois   .            t - +0 helmet
rElec   .            u - +0 cloak
rCorr   .            (no gloves)
SInv    .            (no boots)
Will    .....        i - amulet of reflection
Stlth   +            g - ring of positive energy
HPRegen 0.28/turn    m - +6 ring of strength
MPRegen 0.11/turn

%: reflection
@: immotile, revved
A: off-hand wielding, slow wielding, warmup strikes, legs shutdown
a: no special abilities


You were on level 6 of the Dungeon.
You visited 1 branch of the dungeon, and saw 6 of its levels.

You collected 278 gold pieces.
You spent 33 gold pieces at shops.

Inventory:

Hand Weapons
 a - a +1 sling (weapon) {Esteban}
 p - a +0 sling (offhand) {Astrid}
Missiles
 o - 2 curare-tipped darts
 v - a throwing net
Armour
 c - a +0 robe
 t - a +0 helmet (worn)
 u - a +0 cloak (worn)
 x - a +0 leather armour (worn)
Jewellery
 g - a ring of positive energy (left grasper)
 i - an amulet of reflection (around neck)
 m - a +6 ring of strength (right grasper)
Wands
 D - a wand of paralysis (14)
Scrolls
 b - a scroll of immolation
 e - 3 scrolls of enchant weapon
 l - 2 scrolls of amnesia
 n - 2 scrolls of fear
 q - a scroll of enchant armour
 s - 2 scrolls of teleportation {unknown}
 y - a scroll of revelation {@r5}
Potions
 d - a potion of haste {unknown}
 f - a potion of heal wounds {unknown}
 h - 3 potions of might {unknown}
 j - a potion of enlightenment {unknown}
 k - 3 potions of degeneration {unknown}
 r - a potion of curing {@q2}
 w - a potion of resistance {unknown}
 z - a potion of brilliance {unknown}
 A - a potion of mutation {unknown}
 B - 2 potions of cancellation {unknown}
 C - a potion of ambrosia {unknown}
 E - a potion of attraction {unknown}


   Skills:
 - Level 3.0 Fighting
 * Level 7.3 Ranged Weapons
 - Level 2.0 Dodging
 - Level 1.0 Spellcasting
 - Level 2.6 Hexes
 - Level 0.8 Fire Magic


You had 6 spell levels left.
You knew the following spells:

 Your Spells              Type           Power      Damage    Failure   Level
a - Jinxbite              Hex            14%        N/A       19%         2

Your spell library contained the following spells:

 Spells                   Type           Power      Damage    Failure   Level
 Sigil of Binding         Hex            7%         N/A       36%         3
 Inner Flame              Hex/Fire       4%         N/A       50%         3
 Cause Fear               Hex            3%         N/A       77%         4
 Dimensional Bullseye     Hex/Tloc       1%         N/A       91%         4
 Yara's Violent Unravell  Hex/Alch       1%         3d3       99%         5
 Enfeeble                 Hex            3%         N/A       100%        7


Dungeon Overview and Level Annotations

Branches:
Dungeon (6/15)
 Temple: D:4-7

Altars:
Wu Jian

Shops:
D:3 !   D:6 [

Annotations:
D:4 1 runed translucent door, bmj180's ghost, novice HuCj


Innate Abilities, Weirdness & Mutations

You can wield a second weapon in your off-hand.
It takes a long time for you to wield or remove held weapons.
Your first few attacks do less damage.
Attacking and casting redirects power from your legs.


Message History

The sling bullet hits the orc warrior but does no damage.
The orc warrior is moderately wounded.
The orc warrior hits you with a +0 short sword.
You shoot a sling bullet.
The sling bullet hits the orc warrior but does no damage.
The orc warrior is moderately wounded.
You shoot a sling bullet.
The sling bullet hits the orc warrior but does no damage.
The orc warrior is moderately wounded.
The orc warrior hits you with a +0 short sword!
You shoot a sling bullet. The sling bullet hits the orc warrior.
The orc warrior is heavily wounded.
You shoot a sling bullet.
The sling bullet closely misses the orc warrior.
The sling bullet hits the orc wizard.
The orc wizard is lightly wounded.
The orc warrior closely misses you.
You shoot a sling bullet. The sling bullet hits the orc warrior.
The orc warrior is severely wounded.
You shoot a sling bullet.
The sling bullet hits the orc warrior but does no damage.
The orc warrior is severely wounded.
The orc warrior hits you with a +0 short sword!
* * * LOW HITPOINT WARNING * * *
Your magical contamination has completely faded away.
You shoot a sling bullet.
The sling bullet hits the orc warrior but does no damage.
The orc warrior is severely wounded.
You shoot a sling bullet.
The sling bullet hits the orc warrior but does no damage.
The orc warrior is severely wounded.
The orc warrior hits you with a +0 short sword!
* * * LOW HITPOINT WARNING * * *
You shoot a sling bullet. The sling bullet hits the orc warrior.
The orc warrior is almost dead.
You shoot a sling bullet.
The sling bullet hits the orc warrior but does no damage.
The orc warrior is almost dead.
The orc warrior hits you with a +0 short sword!
You die...

##.......#...
#.........##
#..o.>....#
#.........#
#.$.......#
#......#..# ##+
#.....##..#
#⌠.⌠######!##..#..#
+..@o{o###.#..#
#⌠.⌠##########....#
### ## #......# ⌠ #
#..#.###..####..
#... #........
###...###........
##...#......##+#..
.###..######...#
#..
.....#.........#
#..


You could see an orc warrior and an orc wizard.

Vanquished Creatures
  Sigmund (D:3)
  A black bear (D:6)
  An ogre (D:5)
  2 hounds
  A gnoll bouda (D:4)
  Jessica (D:2)
  Terence (D:2)
  An orc wizard (D:5)
  Natasha (twice) (D:3)
  An iguana (D:5)
  4 adders
  4 gnolls (D:4)
  A dart slug (D:3)
  4 ribbon worms
  8 orcs
  5 bats
  6 endoplasms
  3 giant cockroaches
  4 goblins
  4 hobgoblins
  4 jackals (D:2)
  A quokka (D:4)
  10 ball pythons
  6 frilled lizards
  5 kobolds
  4 rats
85 creatures vanquished.

Vanquished Creatures (others)
  A bombardier beetle (D:5)
1 creature vanquished.

Grand Total: 86 creatures vanquished

Notes
Turn   | Place    | Note
-------+----------+-------------------------------------------
     0 | D:1      | GetLost the Coglin Hexslinger began the quest for the Orb.
     0 | D:1      | Reached XP level 1. HP: 15/15 MP: 2/2
    30 | D:1      | Reached skill level 2 in Ranged Weapons
    41 | D:1      | Reached XP level 2. HP: 12/21 MP: 3/3
   357 | D:1      | Reached XP level 3. HP: 27/27 MP: 4/4
   750 | D:2      | Noticed Terence
   752 | D:2      | Noticed Jessica
   867 | D:2      | Killed Terence
   868 | D:2      | Reached skill level 3 in Ranged Weapons
   868 | D:2      | Reached XP level 4. HP: 33/33 MP: 5/5
  1344 | D:2      | Killed Jessica
  1968 | D:3      | Learned a level 2 spell: Jinxbite
  2022 | D:3      | Reached XP level 5. HP: 39/39 MP: 3/6
  2293 | D:3      | Noticed Natasha
  2300 | D:3      | Killed Natasha
  2301 | D:3      | Reached skill level 4 in Ranged Weapons
  2484 | D:3      | Noticed Natasha
  2487 | D:3      | Killed Natasha
  2578 | D:3      | Found Bepat's Distillery.
  2580 | D:3      | Noticed Sigmund
  2593 | D:3      | Killed Sigmund
  2594 | D:3      | Reached skill level 5 in Ranged Weapons
  2594 | D:3      | Reached XP level 6. HP: 36/47 MP: 5/7
  2634 | D:3      | Bought a potion of curing for 33 gold pieces
  2820 | D:4      | You fall into a shaft and drop 1 floor!
  2820 | D:5      | Entered Level 5 of the Dungeon
  2885 | D:4      | Found a runed translucent door.
  2887 | D:4      | Noticed bmj180's ghost (novice HuCj)
  3090 | D:4      | Reached skill level 6 in Ranged Weapons
  3090 | D:4      | Reached XP level 7. HP: 52/52 MP: 8/8
  3329 | D:4      | Found an ornate altar of the Wu Jian Council.
  4265 | D:5      | Reached skill level 7 in Ranged Weapons
  4314 | D:6      | Found Uxket's Antique Armour Shoppe.
  4428 | D:6      | HP: 2/52 [orc warrior/+0 short sword (10)]
  4429 | D:6      | Slain by an orc warrior

Illustrated notes

Levels and vault maps discovered:
D:1:      saegor_arrival_simple_a, layout_rooms
D:2:      layout_loops_ring, serial_rivers, chequers_serial_rivers_room_a,
          chequers_serial_rivers_micro_e, chequers_serial_rivers_micro_b,
          chequers_serial_rivers_marsh, chequers_serial_rivers_micro_c,
          uniq_terence, uniq_jessica
D:3:      layout_basic, serial_shops, nicolae_shop_behind_doors,
          serial_bayou_crossing, uniq_sigmund, uniq_natasha
D:4:      layout_loops_cross, kennysheep_mini, ebering_ghost_sewer_d
D:5:      layout_basic, minmay_misc_feat_chi
D:6:      corexii_shack_village, layout_rooms,
          nicolae_hepliaklqana_monster_ancestors, temple_doors_e, serial_shops,
          shop, nicolae_shop_back_alley_shop, shop, shop, nicolae_water_bricks,
          bh_walls_and_bars

Skill      XL: |  1  2  3  4  5  6  7 |
---------------+----------------------+-----
Ranged Weapons | 2 3 5 6 7 |  7.3
Dodging        | 2 |  2.0
Fighting       | 2 3 |  3.0
Spellcasting   | |  1.0
Hexes          | |  2.6
Fire Magic     | |  0.8

Action                     |  1- 3 |  4- 6 |  7- 9 || total
---------------------------+-------+-------+-------++-------
  Melee: Sling             |       |       |     2 ||     2
   Fire: Sling             |   136 |   223 |   140 ||   499
   Cast: Jinxbite          |       |     2 |     1 ||     3
    Use: Scroll            |     2 |       |     5 ||     7
 Armour: Robe              |    32 |    26 |       ||    58
         Leather armour    |       |       |    23 ||    23
  Dodge: Dodged            |    44 |    26 |    29 ||    99
  Block: Other             |     2 |    13 |     7 ||    22
         Reflection        |       |     1 |       ||     1

Table legend: (Time is in decaauts)
 A = Elapsed time spent in this place.
 B = Non-inter-level travel time spent in this place.
 C = Inter-level travel time spent in this place.
 D = Time resting spent in this place.
 E = Time spent auto-exploring this place.
 F = Levels seen in this place.
 G = Mean time per level.
                   A        B        C        D        E       F      G
               +--------+--------+--------+--------+--------+-----+--------+
         Total |   4508 |   4238 |    270 |    118 |   3442 |   6 |  751.3 |
       Dungeon |   4508 |   4238 |    270 |    118 |   3442 |   6 |  751.3 |
               +--------+--------+--------+--------+--------+-----+--------+

Top non-repeatable levels by time:
     D:2: 1224 daAuts
     D:3: 1015 daAuts
     D:5: 891 daAuts
     D:4: 751 daAuts
     D:1: 507 daAuts
     D:6: 117 daAuts
